 Dungeon Sprint DCSS version 0.19-a0-517-gd6a9987 (webtiles) character file.

6051 Kidiri the Thaumaturge (level 10, -5/54 HPs)
             Began as a Deep Elf Fire Elementalist on June 6, 2016.
             Was the Champion of Vehumet.
             Slain by a giant leech (15 damage)
             ... in the Dungeon (Sprint III: "The Ten Rune Challenge").
             The game lasted 00:25:41 (2512 turns).

Kidiri the Thaumaturge (Deep Elf Fire Elementalist) Turns: 2512, Time: 00:25:42

Health: -5/54      AC:  3    Str:  3    XL:     10   Next: 57%
Magic:  23/30      EV: 19    Int: 24    God:    Vehumet [******]
Gold:   39         SH:  0    Dex: 15    Spells: 12 memorised, 1 level left

rFire  + . .     SeeInvis .     e - +1 long sword (holy)
rCold  . . .     Gourm    .     a - +0 robe
rNeg   . . .     Faith    .     (no shield)
rPois  .         Spirit   .     (no helmet)
rElec  .         Dismiss  .     j - +0 cloak
rCorr  .         Reflect  .     (no gloves)
SustAt .         Harm     .     (no boots)
MR     +....     NoTele   +     (no amulet)
Stlth  ++........               (no ring)
                                (no ring)

@: very slightly contaminated, hasted, very quick, somewhat resistant to hostile
enchantments, unstealthy
A: deterioration 1, fire resistance 1, frail 1, screaming 1, weak 1, evolution
1, subdued magic 1
a: Renounce Religion


You were in the Dungeon.
You worshipped Vehumet.
Vehumet was exalted by your worship.
You were not hungry.

You visited 1 branch You collected 39 gold pieces.

Inventory:

Hand Weapons
 e - a +1 long sword of holy wrath (weapon)
Missiles
 n - 10 throwing nets (quivered)
Armour
 a - a +0 robe (worn)
 j - a +0 cloak (worn)
Wands
 k - a wand of flame (12/48)
Scrolls
 i - a scroll of blinking
 p - a scroll of holy word
 r - 4 scrolls of remove curse
Potions
 d - a potion of curing
 g - 2 potions of magic
 h - a potion of berserk rage
 t - 2 potions of flight
 u - 3 potions of cure mutation
Books
 b - a book of Flames

   Spells                             Type                      Level
   a - Flame Tongue                   Conjuration/Fire             1
   b - Throw Flame                    Conjuration/Fire             2
   c - Conjure Flame                  Conjuration/Fire             3
   d - Inner Flame                    Hexes/Fire                   3
   e - Sticky Flame                   Conjuration/Fire             4
   f - Fireball                       Conjuration/Fire             5
 m - a book of Conjurations

   Spells                             Type                      Level
   a - Magic Dart                     Conjuration                  1
   b - Searing Ray                    Conjuration                  2
   c - Dazzling Spray                 Conjuration/Hexes            3
   d - Fulminant Prism                Conjuration/Hexes            4
   e - Iskenderun's Mystic Blast      Conjuration                  4
   f - Iskenderun's Battlesphere      Conjuration/Charms           5
Comestibles
 c - a bread ration
 l - 25 royal jellies
 o - 11 chunks of flesh


   Skills:
 + Level 6.6 Fighting
 + Level 2.6 Long Blades
 + Level 9.8 Dodging
 - Level 2.4 Stealth
 * Level 14.4 Spellcasting
 * Level 12.3 Conjurations
 * Level 12.5 Fire Magic
 + Level 5.9 Ice Magic
 + Level 3.3 Air Magic
 + Level 5.8 Earth Magic
 + Level 3.7 Poison Magic
 + Level 7.9 Evocations


You had one spell level left.
You knew the following spells:

 Your Spells              Type           Power        Failure   Level  Hunger
a - Flame Tongue          Conj/Fire      #####        0%          1    None
b - Throw Flame           Conj/Fire      ######       0%          2    None
c - Conjure Flame         Conj/Fire      ######..     1%          3    None
d - Inner Flame           Hex/Fire       #####...     1%          3    None
e - Sticky Flame          Conj/Fire      ######..     1%          4    None
f - Fireball              Conj/Fire      ######....   1%          5    ##.....
g - Bolt of Magma         Conj/Fire/Erth ######....   1%          5    ##.....
h - Throw Frost           Conj/Ice       #####.       1%          2    None
i - Stone Arrow           Conj/Erth      #####.       1%          3    None
j - Olgreb's Toxic Radia  Pois           ####....     2%          4    None
k - Static Discharge      Conj/Air       #####...     1%          3    None
l - Sandblast             Erth           ####..       1%          1    None


Dungeon Overview and Level Annotations

Branches:
Dungeon (1/1)

Altars:
Cheibriados
Dithmenos
Elyvilon
Fedhas
Gozag
Hepliaklqana
Kikubaaqudgha
Makhleb
Nemelex Xobeh
Okawaru
Pakellas
Qazlal
Ru
Sif Muna
Trog
Uskayaw
Vehumet
Xom
Yredelemnul
Zin
The Shining One
Jiyva
Lugonu


Innate Abilities, Weirdness & Mutations

Your body sometimes deteriorates upon taking damage.
Your flesh is heat resistant. (rF+)
You are frail. (-10% HP)
You occasionally shout uncontrollably at your foes.
You are weak. (Str -2)
You evolve.
Your spells are a little easier to cast, but a little less powerful.


Message History

Aim: a giant leech (almost dead)
The sticky flame hits the giant leech.
You kill the giant leech!
Vehumet accepts your kill.
You feel your power returning.
Unknown command.
There is an open door here.
Things that are here:
4 inedible chunks of flesh; a giant leech corpse; a spiny frog skeleton You butcher the giant leech corpse.
o - 11 chunks of flesh (gained 6)
There is an open door here.
Things that are here:
4 inedible chunks of flesh; a spiny frog skeleton You enter the shallow water.
Moving in this stuff is going to be slow.
A giant leech comes into view.
You shout at the giant leech!
The giant leech bites you!
You die...

≈≈≈≈≈.....#...#__#...#....#.#.#..
≈≈≈.......#+###__#...##)#..#.##.#
..........#_).#__#...'##.#.#)##.#
..........#___#__+...#.).#..#..##
▓▓▓▓▓▓▓▓▓▓▓▓▓▓▓▓▓▓▓▓▓▓▓▓▓▓▓▓▓▓▓▓▓
♣♣≈≈≈........≈≈≈.
+♣♣%♣≈≈≈≈≈≈≈≈≈≈≈≈♣♣
#.≈♣♣♣♣♣♣♣♣♣♣♣♣♣♣♣♣ #.@♣ ♣ ###w♣
.# ##


You could see a giant leech.

Vanquished Creatures
  Erolcha (D)
  A deep elf mage (D)
  2 spiny frogs (D)
  A komodo dragon (D)
  A giant leech (D)
  A queen bee (D)
  3 wandering mushrooms (D)
  A shadow (D)
  3 redbacks (D)
  2 hill giants (D)
  A spatial vortex (D)
  A necrophage (D)
  3 two-headed ogres (D)
  A water elemental (D)
  32 killer bees (D)
  Crazy Yiuf (D)
  A jelly (D)
  Jessica (D)
  A necromancer (D)
  A wizard (D)
  A kobold demonologist (D)
  3 humans (D)
  2 oozes (D)
  A rat (D)
66 creatures vanquished.

Vanquished Creatures (others)
  2 draconian scorchers (D)
  6 hellions (D)
  2 yaktaurs (D)
10 creatures vanquished.

Grand Total: 76 creatures vanquished

Notes
Turn   | Place    | Note
--------------------------------------------------------------
     0 | D        | Kidiri the Deep Elf Fire Elementalist began the quest for the Orb.
     0 | D        | Reached XP level 1. HP: 10/10 MP: 6/6
    37 | D        | Killed a yaktaur
    50 | D        | Reached skill level 4 in Spellcasting
    50 | D        | Reached XP level 2. HP: 16/16 MP: 6/9
    54 | D        | Learned a level 2 spell: Throw Flame
    79 | D        | Noticed Jessica
    84 | D        | Killed Jessica
    84 | D        | Reached skill level 1 in Fighting
    84 | D        | Reached skill level 5 in Spellcasting
    84 | D        | Reached XP level 3. HP: 20/20 MP: 5/11
    98 | D        | Killed a hellion
    99 | D        | Killed a hellion
   110 | D        | Killed a hellion
   111 | D        | Killed a hellion
   112 | D        | Killed a hellion
   151 | D        | Learned a level 3 spell: Conjure Flame
   155 | D        | Learned a level 3 spell: Inner Flame
   156 | D        | Killed a white draconian scorcher
   187 | D        | Killed a hellion
   200 | D        | Reached skill level 5 in Fire Magic
   234 | D        | Killed a white draconian scorcher
   313 | D        | Noticed Crazy Yiuf
   538 | D        | Killed Crazy Yiuf
   538 | D        | Reached skill level 6 in Spellcasting
   538 | D        | Reached XP level 4. HP: 26/26 MP: 8/14
   572 | D        | Learned a level 4 spell: Sticky Flame
   577 | D        | Gained mutation: Your flesh is heat resistant. (rF+) [potion of mutation]
   577 | D        | Gained mutation: You occasionally shout uncontrollably at your foes. [potion of mutation]
   578 | D        | Gained mutation: Your spells are a little easier to cast, but a little less powerful. [potion of mutation]
   578 | D        | Gained mutation: You evolve. [potion of mutation]
   578 | D        | Gained mutation: Your body sometimes deteriorates upon taking damage. [potion of mutation]
   579 | D        | Gained mutation: You are weak. (Str -2) [potion of mutation]
   580 | D        | Gained mutation: You regenerate slowly when monsters are visible. [potion of mutation]
   580 | D        | Gained mutation: You are frail. (-10% HP) [potion of mutation]
   580 | D        | Lost mutation: You regenerate slowly when monsters are visible. [potion of mutation]
   661 | D        | Noticed a water elemental
   665 | D        | Killed a water elemental
   665 | D        | Reached skill level 7 in Spellcasting
   665 | D        | Reached skill level 5 in Conjurations
   742 | D        | Found a hide-covered altar of Uskayaw.
   742 | D        | Found a radiant altar of Vehumet.
   743 | D        | Found a deep blue altar of Sif Muna.
   743 | D        | Found an ancient bone altar of Kikubaaqudgha.
   748 | D        | Reached skill level 5 in Dodging
   748 | D        | Reached XP level 5. HP: 24/27 MP: 1/16
   760 | D        | Learned a level 5 spell: Fireball
   833 | D        | Killed a yaktaur
   853 | D        | Became a worshipper of Vehumet
   863 | D        | Found a glowing silver altar of Zin.
   864 | D        | Found a glowing golden altar of the Shining One.
   864 | D        | Found a white marble altar of Elyvilon.
   864 | D        | Noticed a deep elf mage
   872 | D        | Killed a deep elf mage
   872 | D        | Reached skill level 10 in Spellcasting
   872 | D        | Reached XP level 6. HP: 34/34 MP: 12/21
   872 | D        | Reached XP level 7. HP: 38/38 MP: 12/22
   935 | D        | Found an iron altar of Okawaru.
   936 | D        | Found a hazy altar of Hepliaklqana.
   936 | D        | Found a bloodstained altar of Trog.
   936 | D        | Noticed a human
   936 | D        | Noticed a human
   940 | D        | Killed a human
   944 | D        | Killed a human
   944 | D        | Reached * piety under Vehumet
   944 | D        | Offered knowledge of Sandblast by Vehumet.
   944 | D        | Reached skill level 11 in Spellcasting
  1017 | D        | Found a basalt altar of Yredelemnul.
  1017 | D        | Found a snail-covered altar of Cheibriados.
  1017 | D        | Found a blossoming altar of Fedhas.
  1110 | D        | Learned a level 1 spell: Sandblast
  1116 | D        | Killed a shadow
  1116 | D        | Reached ** piety under Vehumet
  1116 | D        | Offered knowledge of Throw Frost by Vehumet.
  1116 | D        | Reached skill level 1 in Earth Magic
  1116 | D        | Reached skill level 5 in Evocations
  1116 | D        | Reached XP level 8. HP: 43/43 MP: 19/25
  1160 | D        | Learned a level 2 spell: Throw Frost
  1194 | D        | Found an oddly glowing altar of Pakellas.
  1194 | D        | Found a stormy altar of Qazlal.
  1195 | D        | Found a sacrificial altar of Ru.
  1195 | D        | Found a burning altar of Makhleb.
  1195 | D        | Found a viscous altar of Jiyva.
  1195 | D        | Found a shimmering altar of Xom.
  1195 | D        | Found a shadowy altar of Dithmenos.
  1195 | D        | Found a sparkling altar of Nemelex Xobeh.
  1195 | D        | Found a corrupted altar of Lugonu.
  1195 | D        | Found an opulent altar of Gozag.
  1210 | D        | Reached skill level 5 in Fighting
  1210 | D        | Reached skill level 10 in Fire Magic
  1392 | D        | Reached skill level 1 in Ice Magic
  1410 | D        | Offered knowledge of Stone Arrow by Vehumet.
  1418 | D        | Reached *** piety under Vehumet
  1426 | D        | Learned a level 3 spell: Stone Arrow
  1552 | D        | Reached skill level 12 in Spellcasting
  1552 | D        | Reached skill level 10 in Conjurations
  1633 | D        | Noticed Erolcha
  1656 | D        | Killed Erolcha
  1656 | D        | Offered knowledge of Olgreb's Toxic Radiance by Vehumet.
  1656 | D        | Reached XP level 9. HP: 28/49 MP: 10/27
  1790 | D        | Learned a level 4 spell: Olgreb's Toxic Radiance
  1829 | D        | Reached **** piety under Vehumet
  1829 | D        | Reached skill level 13 in Spellcasting
  1841 | D        | Offered knowledge of Static Discharge by Vehumet.
  1846 | D        | Learned a level 3 spell: Static Discharge
  1963 | D        | Noticed a queen bee
  1970 | D        | Reached ***** piety under Vehumet
  1970 | D        | Offered knowledge of Ozocubu's Refrigeration by Vehumet.
  1970 | D        | Reached skill level 1 in Poison Magic
  1972 | D        | Reached skill level 1 in Air Magic
  1972 | D        | Killed a queen bee
  1974 | D        | Reached ****** piety under Vehumet
  1974 | D        | Reached skill level 5 in Earth Magic
  1974 | D        | Reached XP level 10. HP: 35/54 MP: 17/29
  1976 | D        | Reached skill level 5 in Ice Magic
  1976 | D        | Reached skill level 1 in Long Blades
  2212 | D        | Reached skill level 14 in Spellcasting
  2308 | D        | Noticed a spiny frog
  2308 | D        | Noticed a spiny frog
  2312 | D        | Killed a spiny frog
  2314 | D        | Killed a spiny frog
  2314 | D        | Offered knowledge of Bolt of Magma by Vehumet.
  2398 | D        | Learned a level 5 spell: Bolt of Magma
  2512 | D        | Slain by a giant leech

Vault maps used:
D:        dungeon_sprint_mu

Skill      XL: |  1  2  3  4  5  6  7  8  9 10 |
---------------+-------------------------------+-----
Dodging        | 3 4 5 6 7 8 9 |  9.8
Spellcasting   | 4 5 6 7 10 11 12 13 14 | 14.4
Conjurations   | 2 3 4 5 8 9 10 11 12 | 12.3
Fire Magic     | 4 5 6 8 9 11 12 | 12.5
Fighting       | 1 2 4 5 6 |  6.6
Evocations     | 3 5 6 7 |  7.9
Earth Magic    | 1 3 5 |  5.8
Ice Magic      | 3 4 5 |  5.9
Poison Magic   | 2 3 |  3.7
Air Magic      | 1 3 |  3.3
Long Blades    | 2 |  2.6
Stealth        | |  2.4

Action                   |  1- 3 |  4- 6 |  7- 9 | 10-12 || total
-------------------------+-------+-------+-------+-------++-------
Melee: Unarmed           |       |       |     2 |       ||     2
       Long sword        |       |       |       |     6 ||     6
 Cast: Flame Tongue      |    21 |     4 |    65 |    37 ||   127
       Throw Flame       |     2 |       |     3 |     1 ||     6
       Conjure Flame     |     1 |       |     7 |     2 ||    10
       Sticky Flame      |       |     4 |    12 |     7 ||    23
       Inner Flame       |       |       |     4 |       ||     4
       Stone Arrow       |       |       |     4 |       ||     4
       Fireball          |       |       |     4 |     1 ||     5
  Use: Potion            |       |     4 |     1 |     1 ||     6
       Scroll            |       |     2 |       |       ||     2
  Eat: Chunk             |       |       |     1 |       ||     1
       Royal jelly       |       |       |     3 |       ||     3
Armor: Robe              |       |       |     2 |       ||     2
Dodge: Dodged            |     4 |     7 |    11 |     7 ||    29
